 Dungeon Crawl Stone Soup version 0.26-a0-652-gafc20e3620 (webtiles) character file.

Game seed: 10251769571804860653

212642 experimilk the Earth Mage (level 18, -16/112 HPs)
             Began as a Gargoyle Earth Elementalist on Sept 27, 2020.
             Was an Initiate of Gozag.
             Killed from afar by Ilsuiw (32 damage)
             ... with a shard of ice
             ... on level 3 of the Shoals on Oct 3, 2020.
             The game lasted 03:58:48 (63370 turns).

experimilk the Earth Mage (GrEE)                   Turns: 63370, Time: 03:58:50

Health: -16/112    AC: 27    Str: 19    XL:     18   Next: 93%
Magic:  3/36       EV:  8    Int: 32    God:    Gozag
Gold:   3038       SH:  0    Dex: 10    Spells: 19/46 levels left

rFire    . . .     SeeInvis +   z - +8 whip (vorpal)
rCold    . . .     Faith    .   c - +0 buckler {AC+3}
rNeg     + . .     Spirit   .   l - +2 robe {MR+}
rPois    ∞         Reflect  .   E - +2 hat of Ferocious Lucidity {Int+4}
rElec    +         Harm     .   w - scarf {repulsion}
rCorr    .         Rampage  .   e - +1 pair of gloves {archery}
MR       ++...                  k - +0 pair of boots
Stlth    ++........             C - amulet of regeneration
HPRegen  0.68/turn              F - ring of see invisible
MPRegen  0.25/turn              K - ring "Nedaon" {Str+6 Int+5}

@: flying, held, repel missiles
A: big wings, negative energy resistance 1, electricity resistance, unbreathing,
petrification resistance, rot immunity, AC +13
}: 1/15 runes: serpentine
a: Stop Flying, Potion Petition, Call Merchant, Bribe Branch, Renounce Religion


You were on level 3 of the Shoals.
You worshipped Gozag.
Gozag was most pleased with you.
You visited 5 branches of the dungeon, and saw 30 of its levels.
You also visited: Sewer, Bailey and Ice Cave.

You collected 12291 gold pieces.
You spent 2590 gold pieces at shops.
You paid 6663 gold pieces to Gozag.

Inventory:

Hand Weapons
 z - a +8 vorpal whip (weapon)
Missiles
 b - 933 stones (quivered)
Armour
 c - a +0 buckler of protection (worn)
 e - a +1 pair of gloves of archery (worn)
 k - a +0 pair of boots (worn)
 l - a +2 robe of magic resistance (worn)
 w - a scarf of repulsion (worn)
 E - the +2 hat of Ferocious Lucidity (worn) {Int+4}
   (You found it in an ice cave)

   It affects your intelligence (+4).
 S - +2 fire dragon scales
 X - the +2 robe of the Shore {rCorr SInv}
   (You found it on level 15 of the Dungeon)

   It lets you see invisible.
   It provides partial protection from all sources of acid and corrosion.
Jewellery
 d - an uncursed ring of magical power
 q - an uncursed ring of protection from cold
 r - an uncursed amulet of the acrobat
 C - an amulet of regeneration (around neck)
 F - a ring of see invisible (left hand)
 H - an uncursed ring of fire
 K - the ring "Nedaon" (right hand) {Str+6 Int+5}
   (You acquired it on level 10 of the Dungeon)

   [ring of strength]

   It affects your strength (+6).
   It affects your intelligence (+5).
 O - a +6 ring of strength
 U - an uncursed ring of wizardry
Wands
 a - a wand of flame (58)
 o - a wand of acid (10)
 A - a wand of iceblast (17)
 N - a wand of digging (2)
 P - a wand of disintegration (24)
Scrolls
 f - 20 scrolls of remove curse
 h - 9 scrolls of teleportation
 i - a scroll of enchant weapon
 n - 5 scrolls of identify
 u - 3 scrolls of magic mapping
 v - a scroll of vulnerability
 G - 3 scrolls of amnesia
 J - 2 scrolls of fog
 R - 4 scrolls of enchant armour
 W - a scroll of summoning
 Y - a scroll of blinking
Potions
 g - a potion of cancellation
 j - 11 potions of curing
 m - 4 potions of heal wounds
 p - 5 potions of flight
 s - 2 potions of haste
 t - a potion of stabbing
 x - a potion of berserk rage
 D - 2 potions of mutation
 I - 4 potions of resistance
 L - 2 potions of brilliance
 Q - a potion of lignification
Miscellaneous
 y - a condenser vane (2/2)
 B - a lightning rod (4/4)
 T - a phial of floods


   Skills:
 - Level 12.0 Fighting
 - Level 12.0 Maces & Flails
 + Level 11.6 Armour
 + Level 8.5 Dodging
 - Level 3.0 Stealth
 - Level 4.0 Shields
 * Level 14.9 Spellcasting
 - Level 9.0 Conjurations
 - Level 6.0 Transmutations
   Level 6.4 Fire Magic
 * Level 17.0 Earth Magic
 - Level 6.0 Evocations


You had 19 spell levels left.
You knew the following spells:

 Your Spells              Type           Power        Failure   Level
a - Sandblast             Erth           ######       0%          1
b - Passwall              Tmut/Erth      #######.     1%          2
c - Stone Arrow           Conj/Erth      ######       1%          3
d - Lee's Rapid Deconstr  Erth           #######...   1%          5
e - Petrify               Tmut/Erth      #######.     1%          4
f - Leda's Liquefaction   Hex/Erth       ######....   1%          4
g - Iron Shot             Conj/Erth      #######...   1%          6
F - Blink                 Tloc           N/A          2%          2

Your spell library contained the following spells:

 Spells                   Type           Power        Failure   Level
 Animate Skeleton         Necr           ###...       1%          1
 Apportation              Tloc           ###...       1%          1
 Corona                   Hex            ###....      1%          1
 Foxfire                  Conj/Fire      ####         1%          1
 Magic Dart               Conj           ####         1%          1
 Pain                     Necr           ###.         1%          1
 Shock                    Conj/Air       ####         1%          1
 Summon Small Mammal      Summ           ###.         1%          1
 Conjure Flame            Conj/Fire      ######..     1%          3
 Dazzling Flash           Conj/Hex       ######       1%          3
 Ignite Poison            Fire/Tmut/Pois ######..     1%          3
 Inner Flame              Hex/Fire       #####...     1%          3
 Mephitic Cloud           Conj/Pois/Air  #####...     1%          3
 Spider Form              Tmut/Pois      #####.....   1%          3
 Static Discharge         Conj/Air       ######..     1%          3
 Sticky Flame             Conj/Fire      ######..     1%          4
 Call Imp                 Summ           ###.....     2%          2
 Ensorcelled Hibernation  Hex/Ice        ###...       2%          2
 Slow                     Hex            ###.....     2%          2
 Swiftness                Air            ###.....     2%          2
 Fireball                 Conj/Fire      ######....   2%          5
 Confusing Touch          Hex            ###.....     5%          3
 Gell's Gravitas          Tloc           ###.......   5%          3
 Lesser Beckoning         Tloc           ###.......   5%          3
 Portal Projectile        Hex/Tloc       ###...       5%          3
 Teleport Other           Tloc           ###.....     5%          3
 Tukima's Dance           Hex            ###.....     5%          3
 Vampiric Draining        Necr           ###.......   5%          3
 Lightning Bolt           Conj/Air       ######....   9%          5
 Starburst                Conj/Fire      ######....   12%         6
 Airstrike                Air            ###.......   19%         4
 Animate Dead             Necr           ###.......   19%         4
 Cause Fear               Hex            ###.......   19%         4
 Passage of Golubria      Tloc           N/A          19%         4
 Agony                    Necr           ###.....     45%         5
 Eringya's Noxious Bog    Tmut/Pois      #####.....   63%         6
 Ignition                 Fire           ######....   100%        8


Dungeon Overview and Level Annotations

Branches:
Dungeon (15/15)            Temple (0/1) D:7            Lair (6/6) D:11
 Shoals (3/4) Lair:3        Snake (4/4) Lair:2        Slime (0/5) Lair:5
    Orc (2/2) D:9             Elf (0/3) Orc:2        Vaults (0/5) D:13
 Depths (0/5) D:15          Sewer (visited)          Bailey (visited)
  IceCv (visited)

Altars:
Ashenzari
Fedhas
Gozag
Kikubaaqudgha
Makhleb
Nemelex Xobeh
Okawaru
Qazlal
Ru
Sif Muna
Trog
Uskayaw
Xom
Zin
The Shining One
Beogh
Jiyva

Shops:
D:8 [   D:12 }   D:15 (   Orc:2 (*:!}   Shoals:1 :   Snake:3 :   Snake:4 *

Annotations:
D:4 Sigmund
D:6 Blork the orc, Grinder
D:14 Roxanne
Lair:5 1 runed translucent door
Lair:6 2 transporters, mukkel's ghost, journeyman GrFi
Shoals:3 Ilsuiw


Innate Abilities, Weirdness & Mutations

You are resistant to torment.
Your stone body is resilient. (AC +13)
You are immune to poison.
Your large and strong wings let you fly indefinitely.
You resist negative energy. (rN+)
You are resistant to electric shocks. (rElec)
You can survive without breathing.
You are immune to petrification.
You are immune to rotting.


Message History

Casting: Iron Shot (dangerous; 1% risk of failure)
Confirm with . or Enter, or press ? or * to list all spells.
Aiming: Lee's Rapid Deconstruction (safe; 1% risk of failure)
Press: ? - help, Dir - move target cursor, f/p - merfolk Fragment what (e.g. wall or brittle monster)?: a merfolk, wielding a +0 trident (heavily wounded, petrifying slowly)
The merfolk shatters!!
The merfolk is almost dead.
The blast of petrified fragments hits the merfolk impaler!!
The merfolk impaler is moderately wounded.
The blast of petrified fragments hits the merfolk impaler!!!
The merfolk impaler is heavily wounded.
The merfolk impaler hits you from afar with a +0 trident!
* * * LOW HITPOINT WARNING * * *
The merfolk hits you but does no damage.
The merfolk impaler hits you from afar with a +2 trident of protection!
* * * LOW HITPOINT WARNING * * *
Ilsuiw gestures at you while chanting. The shard of ice hits you!!
You die...
Your body crumbles into a pile of gold.

≈≈.≈≈≈≈≈≈≈≈≈≈.....≈.
≈....≈≈≈≈.≈≈≈.......
.###.≈≈≈≈.≈≈≈......≈
## ##.≈≈≈.≈≈....≈<.≈
.# #..≈≈≈≈.....≈..≈
.## ##..........≈...
..######.)>..≈mmm#
≈...# ####..≈≈..#
≈≈≈.# #..≈≈.@#####
≈≈≈.#######.≈≈≈≈.....#
≈≈≈.))#..(..≈≈≈≈.....#
≈≈≈.....≈..≈≈≈m≈≈....#
≈≈≈≈))))≈≈≈≈≈≈≈≈≈≈≈..#
.≈≈≈≈≈≈≈≈≈≈≈≈≈≈≈≈≈≈..#
.≈≈≈≈≈≈≈≈≈≈≈≈≈≈≈≈≈...#
.≈≈≈≈≈≈≈≈≈≈≈≈≈≈≈≈≈..##
..≈≈≈≈≈≈≈≈≈≈≈≈≈≈≈≈..#


You could see Ilsuiw (invisible), 2 merfolk impalers and a merfolk (petrifying).

Vanquished Creatures
  Kirke (Snake:1)
  8 nagarajas
  A frost giant (IceCv)
  Louise (Snake:4)
  Aizul (Snake:2)
  2 orc warlords (Orc:2)
  A stone giant (Orc:1)
  An ettin (Orc:1)
  A merfolk javelineer (Shoals:3)
  2 merfolk impalers
  13 naga warriors
  A rakshasa (D:15)
  2 vault guards (D:13)
  3 merfolk avatars
  A catoblepas (Lair:6)
  5 centaur warriors
  4 hydras
  2 alligator snapping turtles (Shoals:2)
  7 death yaks (Lair:6)
  A death knight (D:14)
  13 anacondas
  5 two-headed ogres
  A deep troll shaman (Lair:6)
  A merfolk aquamancer (Shoals:2)
  3 orc high priests (Orc:2)
  A shock serpent (shapeshifter) (D:15)
  5 naga sharpshooters
  4 tengu warriors
  A satyr (Shoals:3)
  9 shock serpents
  A fire crab (Lair:5)
  A skeletal warrior (D:15)
  13 salamander mystics
  An unseen horror (D:14)
  A glowing orange brain (D:15)
  6 sea snakes
  9 lindwurms
  3 harpies (Shoals:3)
  4 naga ritualists
  7 orc knights
  16 mana vipers
  A harpy (shapeshifter) (D:15)
  6 orc sorcerers
  13 ugly things
  4 slime creatures (D:15)
  4 cyclopes
  6 manticores
  21 salamanders
  2 deep elf magi (D:12)
  13 fauns
  2 ice statues (IceCv)
  30 black mambas
  2 elephants (Lair:6)
  32 naga magi
  4 centaur zombies
  6 merfolk sirens
  10 guardian serpents
  2 water nymphs
  2 molten gargoyles (Lair:5)
  A torpor snail (Lair:6)
  10 cane toads
  An orange demon (D:12)
  7 centaur skeletons
  3 gargoyles
  2 rime drakes (Lair:3)
  2 freezing wraiths (D:15)
  5 komodo dragons
  2 ice devils (D:13)
  A red devil (D:12)
  A tengu conjurer (D:14)
  19 merfolk
  3 meliai (D:15)
  5 trolls
  16 polar bears
  A hornet (D:8)
  A blink frog (shapeshifter) (D:14)
  A harpy skeleton (D:15)
  8 blink frogs
  10 hippogriffs
  A wind drake (Shoals:2)
  9 dream sheep
  4 snapping turtles
  4 shadows
  A meliai zombie (D:13)
  3 wyverns
  A wraith (D:14)
  A vampire (D:14)
  A yak (shapeshifter) (D:15)
  5 water elementals
  5 hogs (Snake:1)
  A human (shapeshifter) (D:15)
  6 humans (D:13)
  48 yaks
  11 vampire mosquitoes (D:15)
  3 basilisks
  2 wargs (Orc:2)
  38 nagas
  33 water moccasins
  7 porcupines
  Purgy (Sewer)
  A swamp drake (Lair:2)
  6 ice beasts
  4 sky beasts
  28 orc warriors
  6 black bears
  3 boggarts (D:15)
  9 ogres
  A necrophage (D:7)
  A phantom (D:9)
  30 wolves
  3 centaurs
  14 crocodiles
  2 big kobolds (D:12)
  11 bullfrogs
  5 scorpions
  10 killer bees
  15 wights
  7 electric eels
  3 bullfrog zombies
  9 hounds
  5 lava snakes (Lair:5)
  A jelly (D:10)
  19 orc wizards
  16 orc priests
  2 iguanas
  4 hell rats (Lair:5)
  5 worker ants
  A killer bee zombie (D:10)
  8 ogre zombies (D:9)
  2 hound skeletons
  A worker ant zombie (D:11)
  24 adders
  7 gnolls
  6 river rats (Lair:5)
  2 shadow imps
  2 white imps
  An ufetubus (D:3)
  2 adder skeletons
  A worm (D:3)
  2 dart slugs (D:5)
  8 leopard geckos
  97 orcs
  5 giant cockroaches
  5 goblins
  6 hobgoblins
  15 jackals
  13 kobolds
  5 quokkas
  4 ball pythons
  2 bats
  6 frilled lizards
  A goblin skeleton (D:9)
  2 goblin zombies (D:9)
  4 hobgoblin skeletons (D:9)
  5 hobgoblin zombies (D:9)
  2 jackal skeletons
  An orc skeleton (D:9)
  12 orc zombies (D:9)
  15 rats
1094 creatures vanquished.

Vanquished Creatures (others)
  A vault guard (D:12)
  A human (D:13)
  An orc priest (Orc:2)
  An orc wizard (Orc:2)
  2 orcs (Orc:2)
  45 fungi
  127 plants
  6 tentacles (Shoals:1)
184 creatures vanquished.

Grand Total: 1278 creatures vanquished

Notes
Turn   | Place    | Note
-------+----------+-------------------------------------------
     0 | D:1      | experimilk the Gargoyle Earth Elementalist began the quest
                  | for the Orb.
     0 | D:1      | Reached XP level 1. HP: 10/10 MP: 3/3
   528 | D:1      | Reached skill level 4 in Earth Magic
   565 | D:1      | Reached XP level 2. HP: 8/16 MP: 1/5
   868 | D:1      | Learned a level 2 spell: Passwall
   912 | D:1      | Reached skill level 1 in Fighting
  1373 | D:1      | Reached XP level 3. HP: 20/20 MP: 3/6
  1422 | D:1      | Learned a level 3 spell: Stone Arrow
  1745 | D:2      | Reached skill level 1 in Transmutations
  1788 | D:2      | Found a sparkling altar of Nemelex Xobeh.
  1795 | D:2      | Found a stormy altar of Qazlal.
  1893 | D:2      | Found a faded altar of an unknown god.
  2062 | D:3      | Reached skill level 5 in Earth Magic
  2062 | D:3      | Reached XP level 4. HP: 11/26 MP: 1/7
  2262 | D:3      | Found a bloodstained altar of Trog.
  2549 | D:3      | Reached XP level 5. HP: 30/30 MP: 1/8
  2735 | D:3      | Found a glowing golden altar of the Shining One.
  3110 | D:3      | Reached skill level 6 in Earth Magic
  3189 | D:3      | Reached XP level 6. HP: 20/36 MP: 4/9
  4307 | D:4      | Noticed Sigmund
  4385 | D:5      | Entered Level 5 of the Dungeon
  4505 | D:5      | Found a sacrificial altar of Ru.
  4522 | D:5      | Found a glowing drain.
  4584 | Sewer    | Entered a sewer
  4688 | Sewer    | Noticed Purgy
  4706 | Sewer    | Killed Purgy
  4706 | Sewer    | Reached XP level 7. HP: 41/41 MP: 2/10
  4848 | D:5      | Found a faded altar of an unknown god.
  4848 | D:5      | Found an ancient bone altar of Kikubaaqudgha.
  4856 | D:5      | Found a faded altar of an unknown god.
  4858 | D:5      | Found an opulent altar of Gozag.
  4859 | D:5      | Found a hide-covered altar of Uskayaw.
  4914 | D:5      | Reached skill level 1 in Maces & Flails
  4914 | D:5      | Reached skill level 7 in Earth Magic
  5133 | D:5      | Learned a level 5 spell: Lee's Rapid Deconstruction
  5243 | D:5      | Noticed an angel
  5244 | D:5      | Found a glowing silver altar of Zin.
  5245 | D:5      | Found a shimmering altar of Xom.
  5340 | D:5      | Became a worshipper of Gozag Ym Sagoz the Greedy
  5938 | D:6      | Reached skill level 1 in Shields
  6063 | D:6      | Reached skill level 8 in Earth Magic
  6063 | D:6      | Reached XP level 8. HP: 46/46 MP: 4/12
  6184 | D:6      | Noticed Grinder
  6211 | D:6      | Noticed Blork the orc
  6742 | D:7      | Found a broken altar of Ashenzari.
  7017 | D:7      | Found a staircase to the Ecumenical Temple.
  7410 | D:7      | Found a shimmering blue altar of Sif Muna.
  7430 | D:7      | Reached skill level 1 in Conjurations
  7430 | D:7      | Reached skill level 9 in Earth Magic
  7539 | D:7      | Noticed a hippogriff
  7613 | D:7      | Noticed a two-headed ogre
  7717 | D:8      | Noticed a hornet
  8032 | D:8      | Found an ancient bone altar of Kikubaaqudgha.
  8244 | D:8      | Learned a level 4 spell: Petrify
  8272 | D:8      | Reached XP level 9. HP: 37/50 MP: 5/15
  8638 | D:8      | Found Xoaf's Armour Boutique.
  9103 | D:8      | Killed a hornet
  9554 | D:7      | Got an ichor-stained helmet
  9770 | D:9      | Identified the cursed +0 helmet of Entitlement {Rampage
                  | rElec rCorr Str-3} (You found it on level 7 of the Dungeon)
  9792 | D:9      | Reached skill level 5 in Maces & Flails
  9792 | D:9      | Reached skill level 10 in Earth Magic
  9998 | D:9      | Reached skill level 1 in Armour
  9999 | D:9      | Reached skill level 5 in Spellcasting
 10071 | D:9      | Found a staircase to the Orcish Mines.
 10264 | D:9      | Found an iron altar of Okawaru.
 10550 | D:9      | Found a sacrificial altar of Ru.
 10611 | D:10     | Entered Level 10 of the Dungeon
 10844 | D:10     | Reached XP level 10. HP: 51/56 MP: 7/18
 11809 | D:10     | Reached skill level 11 in Earth Magic
 11867 | D:10     | Identified a scroll of acquirement
 11867 | D:10     | Acquired the ring "Nedaon" {Str+6 Int+5}
 11929 | D:11     | Noticed a green ugly thing
 11938 | D:11     | Killed a green ugly thing
 12108 | D:11     | Noticed a two-headed ogre
 12120 | D:11     | Killed a two-headed ogre
 12265 | D:11     | Found a staircase to the Lair.
 12324 | D:11     | Noticed a manticore
 12344 | D:11     | Killed a manticore
 12353 | D:11     | Reached skill level 5 in Fighting
 12505 | D:11     | Noticed a two-headed ogre
 12520 | D:11     | Killed a two-headed ogre
 12520 | D:11     | Reached XP level 11. HP: 64/64 MP: 4/21
 13003 | D:12     | Reached skill level 12 in Earth Magic
 13089 | D:12     | Noticed a tengu warrior
 13112 | D:12     | Killed a tengu warrior
 13223 | D:12     | Found a flagged portal.
 13230 | Bailey   | Entered a bailey
 13594 | Bailey   | Noticed an orc knight
 13594 | Bailey   | Noticed an orc knight
 13594 | Bailey   | Noticed an orc knight
 13826 | Bailey   | Killed an orc knight
 13947 | Bailey   | Killed an orc knight
 13947 | Bailey   | Reached skill level 5 in Armour
 14168 | Bailey   | Killed an orc knight
 14892 | D:12     | Found an ancient bone altar of Kikubaaqudgha.
 14963 | D:12     | Noticed a tengu warrior
 15157 | D:12     | Found Goasouwe's Gadget Shoppe.
 15162 | D:12     | Bought a phial of floods for 640 gold pieces
 15264 | D:12     | Noticed a deep elf mage
 15276 | D:12     | Noticed a deep elf mage
 15475 | Lair:1   | Entered Level 1 of the Lair of Beasts
 16026 | Lair:1   | Reached skill level 1 in Evocations
 16900 | Lair:2   | Reached XP level 12. HP: 61/71 MP: 11/24
 17067 | Lair:2   | Found a staircase to the Snake Pit.
 17228 | Lair:2   | Found a burning altar of Makhleb.
 18123 | Lair:2   | Learned a level 4 spell: Leda's Liquefaction
 18690 | Lair:3   | Noticed a four-headed hydra
 18695 | Lair:3   | Killed a four-headed hydra
 20552 | Lair:3   | Found a staircase to the Shoals.
 21507 | Lair:4   | Reached XP level 13. HP: 80/80 MP: 17/26
 21522 | Lair:4   | Reached skill level 5 in Dodging
 21647 | Lair:4   | Reached skill level 5 in Evocations
 23356 | Lair:5   | Reached skill level 10 in Maces & Flails
 23788 | Lair:5   | Found a runed translucent door.
 23792 | Lair:5   | Found a viscous altar of Jiyva.
 23792 | Lair:5   | Noticed an acid blob
 23793 | Lair:5   | Found a staircase to the Slime Pits.
 25095 | Lair:6   | Entered Level 6 of the Lair of Beasts
 26215 | Lair:6   | Found a transporter.
 26217 | Lair:6   | Noticed mukkel's ghost (journeyman GrFi)
 26396 | Lair:6   | Found a transporter.
 26521 | Lair:6   | Gained mutation: Your large and strong wings let you fly
                  | indefinitely. [Gargoyle growth]
 26521 | Lair:6   | Reached XP level 14. HP: 76/86 MP: 6/27
 27094 | Lair:6   | Reached skill level 5 in Conjurations
 29228 | D:13     | Reached skill level 10 in Fighting
 29578 | D:13     | Found a frozen archway.
 29609 | IceCv    | Entered an ice cave
 30675 | IceCv    | Reached skill level 10 in Spellcasting
 31229 | IceCv    | Noticed a frost giant
 31266 | IceCv    | Killed a frost giant
 31664 | IceCv    | Got a scorched hat
 31673 | IceCv    | Identified the +2 hat of Ferocious Lucidity {Int+4} (You
                  | found it in an ice cave)
 33154 | D:13     | Found a blossoming altar of Fedhas.
 33721 | D:13     | Found a gate to the Vaults.
 34095 | D:13     | Reached XP level 15. HP: 86/93 MP: 19/29
 36048 | D:14     | Reached skill level 13 in Earth Magic
 36147 | D:14     | Identified Roxanne's Incunabulum of Stones
 36147 | D:14     | Noticed Roxanne
 36522 | D:15     | Entered Level 15 of the Dungeon
 39299 | D:15     | Found a staircase to the Depths.
 39782 | D:15     | Got a bloodstained robe
 39783 | D:15     | Identified the +2 robe of the Shore {rCorr SInv} (You found
                  | it on level 15 of the Dungeon)
 39797 | D:15     | Reached skill level 5 in Transmutations
 40130 | Orc:1    | Entered Level 1 of the Orcish Mines
 40134 | Orc:1    | Reached skill level 14 in Earth Magic
 40932 | Orc:1    | Reached XP level 16. HP: 52/101 MP: 5/31
 41532 | Orc:2    | Entered Level 2 of the Orcish Mines
 41532 | Orc:2    | Found Jumyury's Antique Weapon Shoppe.
 41675 | Orc:2    | Found a roughly hewn altar of Beogh.
 44885 | Orc:2    | Found a staircase to the Elven Halls.
 44949 | Orc:2    | Found Odusoxt's General Store.
 44949 | Orc:2    | Found Xipn's Book Shop.
 44952 | Orc:2    | Found Kino's Distillery.
 44952 | Orc:2    | Found Etyfeuje's Gadget Shop.
 45001 | Orc:2    | Bought a potion of brilliance for 56 gold pieces
 45004 | Orc:2    | Bought a book of Fire for 715 gold pieces
 45011 | Orc:2    | Learned a level 3 spell: Ignite Poison
 45159 | Snake:1  | Entered Level 1 of the Snake Pit
 45638 | Snake:1  | Reached skill level 1 in Fire Magic
 45933 | Snake:1  | Noticed Kirke
 45963 | Snake:1  | Killed Kirke
 47084 | Snake:2  | Noticed a nagaraja
 47913 | Snake:2  | Killed a nagaraja
 47913 | Snake:2  | Reached skill level 15 in Earth Magic
 48761 | Snake:2  | Noticed Aizul
 48780 | Snake:2  | Killed Aizul
 48810 | Snake:2  | Noticed a nagaraja
 48844 | Snake:2  | Killed a nagaraja
 49368 | Snake:2  | Got an encrusted ring mail
 49370 | Snake:2  | Identified the cursed +0 ring mail "Nuadghu" {-Cast rF++}
                  | (You found it on level 2 of the Snake Pit)
 50022 | Snake:3  | Noticed a nagaraja
 50033 | Snake:3  | Killed a nagaraja
 50033 | Snake:3  | Reached XP level 17. HP: 106/106 MP: 7/34
 50167 | Snake:3  | Reached skill level 5 in Fire Magic
 50658 | Snake:3  | Learned a level 2 spell: Blink
 52559 | Snake:3  | Reached skill level 10 in Armour
 52936 | Snake:3  | Bought the Handbook of Poisoning and the Rocks for 1024
                  | gold pieces
 52946 | Snake:3  | Learned a level 6 spell: Iron Shot
 53559 | Snake:4  | Entered Level 4 of the Snake Pit
 53625 | Snake:4  | Found Roelodopt's Assorted Antiques.
 53642 | Snake:4  | Bought a faintly glowing copper ring for 155 gold pieces
 53645 | Snake:4  | Identified the ring of Ineiry {Fire *Slow rPois Str+2
                  | Int+10} (You bought it in a shop on level 4 of the Snake
                  | Pit)
 54379 | Snake:4  | Noticed Louise
 54394 | Snake:4  | Killed Louise
 56549 | Snake:4  | Reached XP level 18. HP: 82/112 MP: 0/35
 57713 | Snake:4  | Reached skill level 16 in Earth Magic
 58467 | Snake:4  | Got a serpentine rune of Zot
 58468 | Snake:4  | Upgraded the game from 0.26-a0-649-gf8c6c3aab7 to
                  | 0.26-a0-652-gafc20e3620
 58729 | Shoals:1 | Entered Level 1 of the Shoals
 62945 | Shoals:3 | Reached skill level 17 in Earth Magic
 63172 | Shoals:3 | Noticed Ilsuiw
 63370 | Shoals:3 | Killed from afar by Ilsuiw

Illustrated notes

Levels and vault maps discovered:
D:1:      ebering_trefoil_twist, layout_loops_ring, minmay_tetromino_s4
D:2:      layout_rooms, nemelex_xobeh_ov_fountains_minmay,
          chequers_ecumenical_altar_simple, grunt_qazlal_sundering
D:3:      layout_basic, grunt_temple_overflow_open
D:4:      layout_loops_ring, nicolae_dithmenos_through_a_glass_darkly,
          uniq_sigmund
D:5:      layout_gridville, grunt_temple_overflow_order_and_chaos_1,
          chequers_temple_overflow_minitemple, portal_sewer_entry_b,
          nicolae_ru_awakened_eye
D:6:      layout_loops_ring, slow_altar_1, uniq_blork_the_orc, uniq_grinder
D:7:      layout_cave_pods, ashenzari_altar_1, kennysheep_little_box,
          minmay_temple_entry_sparse_star, minmay_quadrilaterals
D:8:      layout_loops_ring, basic_altar, serial_shops, nicolae_shop_trees,
          chequers_big_river
D:9:      layout_rooms, lemuel_round_altar, kennysheep_okawaru_gauntlet,
          zombieorc2_lemuel
D:10:     layout_big_octagon
D:11:     layout_basic, dpeg_oklobed_lair, amethyst_killhole
D:12:     layout_loops_corners, enter_bailey_2, serial_shops,
          nicolae_shop_stone, st_stairs_8, lemuel_hellish_altar
D:13:     layout_loops_ring, ximxim_vaults_locker_room,
          portal_ice_cave_demonic_guard, fedhas_altar_fruit_tree
D:14:     layout_basic, hangedman_decor_growths, uniq_roxanne
D:15:     gammafunk_enter_depths_forms, layout_loops_corners,
          minmay_misc_feat_plants
Lair:1:   layout_gridlike, serial_bayou_shore_a, serial_bayou_shore_b
Lair:2:   lemuel_reptile_caves, layout_regular_city,
          guppyfry_snake_entry_island, basic_altar
Lair:3:   layout_cave_shapes, elwin_shoals_entry_rooms, lemuel_fruit_fields,
          grunt_megastairs_1
Lair:4:   layout_loops_ring, st_stairs_13, minmay_lindwurm_lava,
          infiniplex_staircase_pool
Lair:5:   cheibrodos_magma_flow, layout_cave_shapes, slime_altar_2,
          kennysheep_abandoned_house
Lair:6:   grunt_lair_end_beastmaster, layout_hall_layers, gammafunk_ghost_arena
Shoals:1: layout_shoals
Shoals:2: layout_shoals
Shoals:3: layout_shoals, uniq_ilsuiw
Snake:1:  layout_layer_cave, uniq_kirke
Snake:2:  layout_layer_cave, drop_trap, uniq_aizul
Snake:3:  cheibrodos_snake_lava_hold, layout_layer_cave
Snake:4:  snake_pit_salamanders_mu, layout_cave_town, serial_shops,
          nicolae_shop_overgrown_old_shop, uniq_nikola, uniq_louise, uniq_donald
Orc:1:    layout_caves
Orc:2:    grunt_orc_tribal_feast, layout_caves, serial_shops, shop, basic_altar

Skill      XL: |  1  2  3  4  5  6  7  8  9 10 11 12 13 14 15 16 17 18 |
---------------+-------------------------------------------------------+-----
Earth Magic    | 4 5 6 8 9 10 11 12 14 15 17 | 17.0
Fighting       | 1 2 3 5 6 8 9 10 11 12 | 12.0
Transmutations | 1 2 3 5 6 |  6.0
Stealth        | 3 |  3.0
Maces & Flails | 2 3 5 6 7 9 11 12 | 12.0
Spellcasting   | 3 4 5 7 8 9 10 11 13 14 | 14.9
Shields        | 1 3 4 |  4.0
Conjurations   | 1 3 4 6 7 8 9 |  9.0
Armour         | 2 4 6 8 9 10 11 | 11.6
Dodging        | 2 4 6 7 8 |  8.5
Evocations     | 1 4 6 |  6.0
Fire Magic     | 4 6 |  6.4

Action                   |  1- 3 |  4- 6 |  7- 9 | 10-12 | 13-15 | 16-18 || total
-------------------------+-------+-------+-------+-------+-------+-------++-------
Melee: Hunting sling     |     5 |       |       |       |       |       ||     5
       Unarmed           |     1 |       |       |       |       |    60 ||    61
       Dagger            |    20 |    25 |       |       |       |       ||    45
       Short sword       |       |     4 |       |       |       |       ||     4
       Whip              |       |       |   141 |   352 |   749 |   850 ||  2092
Throw: Stone             |       |       |     2 |       |     4 |    11 ||    17
 Cast: Sandblast         |    41 |    94 |    84 |    33 |    19 |     8 ||   279
       Stone Arrow       |       |     6 |    71 |   326 |   494 |   362 ||  1259
       Passwall          |       |       |     4 |     4 |     2 |       ||    10
       Lee's Rapid Decon |       |       |     8 |    14 |   153 |   151 ||   326
       Petrify           |       |       |     4 |     3 |     5 |    37 ||    49
       Leda's Liquefacti |       |       |       |     1 |     1 |     2 ||     4
       Iron Shot         |       |       |       |       |       |   165 ||   165
Invok: Potion Petition   |       |       |       |     1 |     5 |     5 ||    11
       Call Merchant     |       |       |       |       |     1 |     2 ||     3
 Abil: Fly               |       |       |       |       |     1 |     1 ||     2
       Stop Flying       |       |       |       |       |     1 |       ||     1
Evoke: Phial of floods   |       |       |       |     1 |     1 |     1 ||     3
       Wand              |       |       |       |     2 |    13 |    10 ||    25
       Condenser vane    |       |       |       |       |     2 |     1 ||     3
       Lightning rod     |       |       |       |       |       |     4 ||     4
  Use: Scroll            |     3 |     1 |    18 |     9 |    15 |    11 ||    57
       Potion            |       |       |     4 |     1 |     6 |     8 ||    19
 Stab: Sleeping          |     1 |       |       |       |    11 |       ||    12
       Petrified         |       |       |    10 |     4 |     2 |     2 ||    18
       Distracted        |       |       |       |     1 |     8 |     1 ||    10
       Invisible         |       |       |       |       |     4 |       ||     4
       Petrifying        |       |       |       |       |       |     1 ||     1
Armor: Robe              |    17 |    26 |    87 |    61 |    88 |    94 ||   373
       Fire dragon scale |       |       |       |   168 |   492 |   441 ||  1101
       Skin              |       |       |       |       |     9 |       ||     9
Dodge: Dodged            |    39 |    34 |   103 |   247 |   500 |   527 ||  1450
       Repelled          |       |       |     1 |     5 |     9 |    51 ||    66
Block: Buckler           |       |       |    23 |    91 |   152 |   181 ||   447

Table legend: (Time is in decaauts)
 A = Elapsed time spent in this place.
 B = Non-inter-level travel time spent in this place.
 C = Inter-level travel time spent in this place.
 D = Time resting spent in this place.
 E = Time spent auto-exploring this place.
 F = Levels seen in this place.
 G = Mean time per level.
                   A        B        C        D        E       F      G
               +--------+--------+--------+--------+--------+-----+--------+
         Total |  62649 |  60681 |   1968 |  29565 |   5864 |  33 | 1898.5 |
       Dungeon |  22756 |  21961 |    795 |   9520 |   2405 |  15 | 1517.1 |
          Lair |  12791 |  12261 |    530 |   5547 |   1721 |   6 | 2131.8 |
        Shoals |   4599 |   4598 |      1 |   2685 |      0 |   3 | 1533.0 |
     Snake Pit |  13188 |  12764 |    424 |   6372 |   1470 |   4 | 3297.0 |
  Orcish Mines |   4521 |   4305 |    216 |   2259 |    268 |   2 | 2260.5 |
         Sewer |    270 |    270 |      0 |    100 |      0 |   1 |  270.0 |
        Bailey |   1347 |   1347 |      0 |    811 |      0 |   1 | 1347.0 |
      Ice Cave |   3175 |   3175 |      0 |   2270 |      0 |   1 | 3175.0 |
               +--------+--------+--------+--------+--------+-----+--------+

Top non-repeatable levels by time:
 Snake:4: 4841 daAuts
   IceCv: 3175 daAuts
 Snake:3: 3126 daAuts
  Lair:6: 3045 daAuts
 Snake:2: 3043 daAuts
    D:14: 2892 daAuts
    D:15: 2804 daAuts
  Lair:2: 2649 daAuts
   Orc:2: 2332 daAuts
   Orc:1: 2188 daAuts
 Snake:1: 2177 daAuts
    D:12: 2160 daAuts
  Lair:5: 2074 daAuts
Shoals:2: 1846 daAuts
  Lair:3: 1845 daAuts
